 Dungeon Crawl Stone Soup version 5.6-27-g44b401c (webtiles) character file.

64 BaronVonScrub the Vexing (level 5, -4/32 HPs)
             Began as a Skeleton Enchanter on July 25, 2018.
             Was a Follower of Jiyva.
             Slain by a gnoll
             ... wielding a +0 flail
              (9 damage)
             ... on level 3 of the Dungeon.
             The game lasted 00:05:15 (2299 turns).

BaronVonScrub the Vexing (Skeleton Enchanter)       Turns: 2299, Time: 00:05:16

Health: -4/32      AC:  9 (28%)Str:  9  XL:     5   Next: 38%
Magic:  8/8        EV:  9    Int: 13    God:    Jiyva [1*[47]]
Gold:   112        SH:  0    Dex: 14    Spells: 8/9 levels left

rFire    + . .     SeeInvis .   a - +2 dagger
rCold    + . .     Faith    .   (no shield)
rNeg     + + +     Spirit   .   i - +2 scale mail {rF+}
rPois    ∞         Reflect  .   (no helmet)
rElec    .                      (no cloak)
rCorr    +                      e - +0 pair of gloves
MR       .....                  (no boots)
Stlth    +.........             (no amulet)
Regen    0.1/turn               (no ring)
MPRegen  0.2/turn               (no ring)

@: very slightly contaminated, hasted, very quick
A: spooky, fear immunity, bone armour, cold resistance 1, negative energy
resistance 3, torment resistance, unbreathing
a: Renounce Religion


You were on level 3 of the Dungeon.
You worshipped Jiyva.
Jiyva was aware of your devotion.
You were not hungry.

You visited 1 branch of the dungeon, and saw 3 of its levels.

You collected 112 gold pieces.

Inventory:

Hand Weapons
 a - a +2 dagger (weapon)
Missiles
 d - 73 tomahawks (quivered)
Armour
 b - a +1 robe
 e - a +0 pair of gloves (worn)
 i - a +2 scale mail of fire resistance (worn)
Scrolls
 f - 3 scrolls of fog
 h - a scroll of magic mapping
Potions
 g - a potion of cancellation
 j - a potion of ambrosia


   Skills:
 + Level 0.8 Fighting
 * Level 2.8 Blades
 * Level 1.6 Armour
 + Level 2.6 Dodging
 + Level 3.8 Stealth
 - Level 0.2 Shields
 + Level 3.9 Hexes


You had 8 spell levels left.
You knew the following spells:

 Your Spells              Type           Power        Failure   Level  Hunger
a - Corona                Hex            10 (90)      43%         1    N/A

Your spell library contained the following spells:

 Spells                   Type           Power        Failure   Level  Hunger
 Confuse                  Hex            10 (100)     82%         3    N/A
 Tukima's Dance           Hex            10 (100)     82%         3    N/A
 Ensorcelled Hibernation  Hex/Ice        5 (50)       86%         2    N/A
 Dazzling Spray           Hex/Fire       5 (50)       97%         3    N/A

Dungeon Overview and Level Annotations

Branches:
Dungeon (3/15)

Altars:
Elyvilon
Gozag
Jiyva
Makhleb
Qazlal
Ru
Xom


Innate Abilities, Weirdness & Mutations

You are spooky and scary.
You do not feel fear.
You gain temporary bone armour from killing.
You are immune to poison.
Your flesh is cold resistant. (rC+)
You are immune to negative energy. (rN+++)
You are immune to unholy pain and torment.
You can survive without breathing.


Message History

You barely miss the gnoll.
The gnoll is heavily wounded.
The gnoll closely misses you.
You hit the gnoll but do no damage.
The gnoll is heavily wounded.
The gnoll hits you (1).
* * * LOW HITPOINT WARNING * * *
The gnoll hits you but does no damage.
You hit the gnoll (2).
The gnoll is severely wounded.
The gnoll hits you but does no damage.
You closely miss the gnoll.
The gnoll is severely wounded.
The gnoll hits you but does no damage. x2
You closely miss the gnoll.
The gnoll is severely wounded.
You hit the gnoll (2).
The gnoll is severely wounded.
The gnoll hits you with a +0 flail (9)!
You die...

#..# # #..# # #..####
########## #.#......
.........# #.#......
.........#######.#.#....
.........'.........+>...
$.....gg.####....#.#....
......)@.# #....#.#....
......g..# #....#))....
.........####.....).....
.........#...........##.
.........#...........##.
.........#......)....##.
....###.##....##.....##.
.$.. #.##....#########.
#. #[...# ...


You could see 3 gnolls.

Vanquished Creatures
  A water moccasin skeleton (D:3)
  A worker ant (D:3)
  A gnoll (D:3)
  An adder (D:2)
  An ooze (D:2)
  2 dart slugs
  5 orcs (D:3)
  2 quokkas
  A ball python (D:2)
  2 giant cockroaches
  6 hobgoblins
  7 bats
  7 frilled lizards
  6 goblins
  3 kobolds
  8 rats
54 creatures vanquished.

Notes
Turn   | Place    | Note
-------+----------+-------------------------------------------
     0 | D:1      | BaronVonScrub the Skeleton Enchanter began the quest for the Orb.
     0 | D:1      | Reached XP level 1. HP: 11/11 MP: 2/2
   151 | D:1      | Reached XP level 2. HP: 16/17 MP: 3/3
   700 | D:2      | Reached XP level 3. HP: 15/21 MP: 5/5
   856 | D:2      | Found a faded altar of an unknown god.
  1190 | D:2      | Found a sacrificial altar of Ru.
  1245 | D:2      | Became a worshipper of Jiyva Jeupauru the Shapeless
  1245 | D:2      | Reached * piety under Jiyva
  1315 | D:2      | Found an opulent altar of Gozag.
  1732 | D:3      | Found a stormy altar of Qazlal.
  1764 | D:3      | Found a shimmering altar of Xom.
  1764 | D:3      | Found a white marble altar of Elyvilon.
  1784 | D:3      | Reached skill level 1 in Armour
  1784 | D:3      | Reached XP level 4. HP: 20/27 MP: 6/6
  1800 | D:3      | Found a burning altar of Makhleb.
  1894 | D:3      | Reached XP level 5. HP: 24/32 MP: 8/8
  2299 | D:3      | Slain by a gnoll

Skill      XL: |  1  2  3 |
---------------+----------+-----
Dodging        | 2 |  2.6
Blades         | 2 |  2.8
Armour         | 1 |  1.6
Fighting       | |  0.8
Stealth        | |  3.8
Shields        | |  0.2
Hexes          | |  3.9

Action                   |  1- 3 |  4- 6 || total
-------------------------+-------+-------++-------
Melee: Dagger            |   141 |   137 ||   278
  Use: Scroll            |     1 |       ||     1
       Potion            |       |     1 ||     1
 Stab: Sleeping          |     8 |       ||     8
Armor: Robe              |    26 |       ||    26
       Scale mail        |    26 |   171 ||   197
Dodge: Dodged            |    65 |   117 ||   182
Block: Other             |     6 |    37 ||    43
